 Dungeon Crawl Stone Soup version 0.31-a0-486-g8d68a81214 (webtiles) character file.

Game seed: 15314464053161847958

196 Lorrdernie the Blocker (level 5, -6/47 HPs)
             Began as a Gnoll Wanderer on Aug 7, 2023.
             Killed by divine providence
             ... invoked by an orc priest
              (15 damage)
             ... on level 4 of the Dungeon.
             The game lasted 00:04:41 (2506 turns).

Lorrdernie the Blocker (Gnoll Wanderer)             Turns: 2506, Time: 00:04:42

Health: -6/47      AC: 10    Str: 12    XL:     5   Next: 74%
Magic:  9/9        EV: 11    Int: 14    God:
Gold:   118        SH:  6    Dex: 10    Spells: 6/10 levels left

rFire   . . .        a - +1 dagger (venom)
rCold   . . .        e - +0 buckler {AC+3}
rNeg    . . .        y - +0 leather armour
rPois   .            (no helmet)
rElec   .            (no cloak)
rCorr   .            g - +0 pair of gloves
SInv    .            w - +2 pair of boots
Will    .....        (no amulet)
Stlth   +            (no ring)
HPRegen 0.27/turn    (no ring)
MPRegen 0.11/turn

%: no passive effects
@: no status effects
A: fangs 1, strong nose, distributed training
a: no special abilities


You were on level 4 of the Dungeon.
You visited 1 branch of the dungeon, and saw 4 of its levels.

You collected 118 gold pieces.

Inventory:

Hand Weapons
 a - a +1 dagger of venom (weapon)
 b - a +0 morningstar
 i - a +0 whip
 k - a +0 mace
 z - a +0 club
Missiles
 t - 3 poisoned darts (quivered)
Armour
 d - a +0 robe
 e - a +0 buckler of protection (worn)
 g - a +0 pair of gloves (worn)
 w - a +2 pair of boots (worn)
 y - a +0 leather armour (worn)
Talismans
 s - a blade talisman
Scrolls
 c - 3 scrolls of fear
 j - 6 scrolls of identify {unknown}
 o - 3 scrolls of torment {unknown}
 q - a scroll of butterflies {unknown}
 r - a scroll of enchant armour {unknown}
 u - 2 scrolls of fog
 v - a scroll of enchant weapon {unknown}
 x - a scroll of noise {unknown}
Potions
 f - a potion of berserk rage {unknown}
 h - a potion of resistance {unknown}
 l - 2 potions of haste {unknown}
 m - a potion of invisibility {unknown}
 n - a potion of enlightenment {unknown}
 p - a potion of ambrosia {unknown}


   Skills:
 + Level 6.7 Fighting
 + Level 1.6 Short Blades
 + Level 1.6 Long Blades
 + Level 1.6 Axes
 + Level 1.6 Maces & Flails
 + Level 1.6 Polearms
 + Level 1.6 Staves
 + Level 1.6 Ranged Weapons
 + Level 1.6 Throwing
 + Level 1.6 Armour
 + Level 1.6 Dodging
 + Level 1.6 Stealth
 + Level 8.7 Shields
 + Level 1.6 Unarmed Combat
 + Level 3.2 Spellcasting
 + Level 1.3 Conjurations
 + Level 1.3 Hexes
 + Level 1.3 Summonings
 + Level 1.3 Necromancy
 + Level 1.3 Translocations
 + Level 1.3 Transmutations
 + Level 1.3 Fire Magic
 + Level 2.5 Ice Magic
 + Level 1.3 Air Magic
 + Level 1.3 Earth Magic
 + Level 1.3 Poison Magic
 + Level 1.9 Invocations
 + Level 3.1 Evocations
 + Level 1.3 Shapeshifting


You had 6 spell levels left.
You knew the following spells:

 Your Spells              Type           Power      Damage    Failure   Level
a - Freeze                Ice            36%        1d5       13%         1
b - Ozocubu's Armour      Ice            9%         N/A       36%         3

Your spell library contained the following spells:

 Spells                   Type           Power      Damage    Failure   Level
 Cigotuvi's Dreadful Rot  Necr/Pois/Air  12%        N/A       30%         2
 Hailstorm                Conj/Ice       7%         3d4       43%         3
 Ignite Poison            Fire/Tmut/Pois 6%         N/A       52%         3
 Summon Ice Beast         Ice/Summ       7%         N/A       85%         4
 Freezing Cloud           Conj/Ice/Air   3%         6-21      99%         5
 Simulacrum               Ice/Necr       3%         N/A       100%        6
 Ozocubu's Refrigeration  Ice            4%         4d8       100%        7


Dungeon Overview and Level Annotations

Branches:
Dungeon (4/15)
 Temple: D:4-7

Altars:
Cheibriados


Innate Abilities, Weirdness & Mutations

You have very sharp teeth.
Your uncanny sense of smell can sniff out nearby items.
Your experience applies equally to all skills.


Message History

c - 3 scrolls of fear (gained 1)
A kobold comes into view. It is wielding a +0 dagger.
A kobold is nearby!
A hobgoblin comes into view.
The hobgoblin shouts!
An orc priest comes into view. It is wielding a +0 flail.
You hit the kobold.
The kobold is poisoned.
The kobold is moderately wounded.
You kill the kobold!
You have reached level 5!
You hit the hobgoblin.
The hobgoblin is almost dead.
You block the hobgoblin's attack.
You completely miss the hobgoblin.
The hobgoblin is almost dead.
The hobgoblin hits you but does no damage.
You hit the hobgoblin but do no damage.
The hobgoblin is poisoned.
The hobgoblin is almost dead.
You kill the hobgoblin!
An ogre comes into view. It is wielding a +0 giant club.
Found four items.
The ogre shouts!
You hear a bark!
You hear an angry hiss.
You hear a shout!
A hound comes into view.
The ogre attacks as you move away! You block the ogre's attack.
You hit the ogre.
The ogre is poisoned.
The ogre is lightly wounded.
The ogre misses you.
A ball python comes into view.
You hit the ogre.
The ogre looks as sick as possible!
The ogre is moderately wounded.
The ogre attacks as you move away!
The ogre hits you with a +0 giant club!!
Ouch! That really hurt!
The ogre attacks as you move away! The ogre hits you with a +0 giant club!
* * * LOW HITPOINT WARNING * * *
You kill the ogre!
Your Evocations skill increases to level 3!
The orc priest invokes the aid of Beogh against you.
Beogh smites you!
You die...

#..#..### #.....#[#
#...##.# #. ##.).#.# #.
####.o##.# ##.##
#.)S..#.#
##...####h####.# #
##.........#!h.#...#
#.#......@##.#?.S#..##
..........##.#(..#....
##.#.......##.####.##..#
#.................# ...#
..##....#####.#.. #..#
#.###.## .# ... ###.#
##.## .# ..# ##.# #.#
##.##


You could see a hound, an orc priest and a ball python.

Vanquished Creatures
  An ogre (D:4)
  3 adders
  2 dart slugs (D:3)
  4 orcs (D:3)
  4 bats
  5 endoplasms
  5 giant cockroaches
  6 goblins
  17 hobgoblins
  7 ball pythons
  7 frilled lizards
  7 kobolds
  6 rats
74 creatures vanquished.

Notes
Turn   | Place    | Note
-------+----------+-------------------------------------------
     0 | D:1      | Lorrdernie the Gnoll Wanderer began the quest for the Orb.
     0 | D:1      | Lorrdernie set off with the following items: a +0 club, a
                  | scroll of fog, a scroll of fear, a +0 robe, a +0 buckler of
                  | protection; and the following spell memorised: Freeze; and
                  | the following spells available to memorise: Ozocubu's
                  | Armour.
     0 | D:1      | Reached XP level 1. HP: 23/23 MP: 4/4
   189 | D:1      | Reached XP level 2. HP: 29/29 MP: 5/5
   368 | D:1      | Reached XP level 3. HP: 15/35 MP: 0/7
   673 | D:1      | Learned a level 3 spell: Ozocubu's Armour
   698 | D:2      | Reached skill level 1 in Invocations
   913 | D:2      | Found a snail-covered altar of Cheibriados.
  1066 | D:2      | Reached skill level 1 in Short Blades
  1066 | D:2      | Reached skill level 1 in Long Blades
  1066 | D:2      | Reached skill level 1 in Axes
  1066 | D:2      | Reached skill level 1 in Maces & Flails
  1066 | D:2      | Reached skill level 1 in Polearms
  1066 | D:2      | Reached skill level 1 in Staves
  1066 | D:2      | Reached skill level 1 in Ranged Weapons
  1066 | D:2      | Reached skill level 1 in Throwing
  1066 | D:2      | Reached skill level 1 in Armour
  1066 | D:2      | Reached skill level 1 in Dodging
  1066 | D:2      | Reached skill level 1 in Stealth
  1066 | D:2      | Reached skill level 1 in Unarmed Combat
  1070 | D:2      | Reached XP level 4. HP: 40/41 MP: 3/8
  1774 | D:3      | Reached skill level 1 in Conjurations
  1774 | D:3      | Reached skill level 1 in Hexes
  1774 | D:3      | Reached skill level 1 in Summonings
  1774 | D:3      | Reached skill level 1 in Necromancy
  1774 | D:3      | Reached skill level 1 in Translocations
  1774 | D:3      | Reached skill level 1 in Transmutations
  1774 | D:3      | Reached skill level 1 in Fire Magic
  1774 | D:3      | Reached skill level 1 in Air Magic
  1774 | D:3      | Reached skill level 1 in Earth Magic
  1774 | D:3      | Reached skill level 1 in Poison Magic
  1774 | D:3      | Reached skill level 1 in Shapeshifting
  2490 | D:4      | Reached XP level 5. HP: 47/47 MP: 9/9
  2494 | D:4      | Noticed an ogre
  2505 | D:4      | Killed an ogre
  2506 | D:4      | Killed from afar by an orc priest

Illustrated notes

Levels and vault maps discovered:
D:1:      evilmike_arrival_hilbert_curve, layout_basic
D:2:      layout_basic, basic_altar, serial_bayou, serial_bayou_crossing,
          serial_bayou_pond_c, serial_bayou_lake_a, serial_bayou_lagoon_a
D:3:      minmay_general_purpose_star, layout_basic
D:4:      layout_loops_ring, serial_shops, nicolae_shop_pleasant_corner_grove,
          minmay_vboxes

Skill      XL: |  1  2  3  4  5 |
---------------+----------------+-----
Ice Magic      | 2 |  2.5
Invocations    | 1 |  1.9
Short Blades   | 1 |  1.6
Long Blades    | 1 |  1.6
Axes           | 1 |  1.6
Maces & Flails | 1 |  1.6
Polearms       | 1 |  1.6
Staves         | 1 |  1.6
Ranged Weapons | 1 |  1.6
Throwing       | 1 |  1.6
Armour         | 1 |  1.6
Dodging        | 1 |  1.6
Stealth        | 1 |  1.6
Unarmed Combat | 1 |  1.6
Spellcasting   | 3 |  3.2
Conjurations   | 1 |  1.3
Hexes          | 1 |  1.3
Summonings     | 1 |  1.3
Necromancy     | 1 |  1.3
Translocations | 1 |  1.3
Transmutations | 1 |  1.3
Fire Magic     | 1 |  1.3
Air Magic      | 1 |  1.3
Earth Magic    | 1 |  1.3
Poison Magic   | 1 |  1.3
Shapeshifting  | 1 |  1.3
Evocations     | 3 |  3.1
Fighting       | |  6.7
Shields        | |  8.7

Action                     |  1- 3 |  4- 6 || total
---------------------------+-------+-------++-------
  Melee: Club              |    17 |       ||    17
         Bite              |     8 |     5 ||    13
         Whip              |    14 |       ||    14
         Mace              |    38 |    22 ||    60
         Morningstar       |       |    40 ||    40
         Dagger            |       |     9 ||     9
   Cast: Freeze            |    34 |    16 ||    50
   Stab: Sleeping          |     2 |     1 ||     3
 Armour: Robe              |    42 |    21 ||    63
         Leather armour    |       |     8 ||     8
  Dodge: Dodged            |    55 |    47 ||   102
  Block: Buckler           |    24 |    15 ||    39

Table legend: (Time is in decaauts)
 A = Elapsed time spent in this place.
 B = Non-inter-level travel time spent in this place.
 C = Inter-level travel time spent in this place.
 D = Time resting spent in this place.
 E = Time spent auto-exploring this place.
 F = Levels seen in this place.
 G = Mean time per level.
                   A        B        C        D        E       F      G
               +--------+--------+--------+--------+--------+-----+--------+
         Total |   2608 |   2522 |     86 |    412 |   1554 |   4 |  652.0 |
       Dungeon |   2608 |   2522 |     86 |    412 |   1554 |   4 |  652.0 |
               +--------+--------+--------+--------+--------+-----+--------+

Top non-repeatable levels by time:
     D:2: 992 daAuts
     D:3: 866 daAuts
     D:1: 694 daAuts
     D:4: 55 daAuts
